 Dungeon Crawl Stone Soup version 0.25.1-8-g42b30a86e7 (webtiles) character file.

Game seed: 3895687438906375478

592 itbelikedat the Cleaver (level 7, -1/57 HPs)
             Began as a Hill Orc Monk on Dec 24, 2020.
             Was a Believer of Trog.
             Slain by an ogre
             ... wielding a +0 giant spiked club
              (25 damage)
             ... on level 6 of the Dungeon.
             The game lasted 00:05:31 (1273 turns).

itbelikedat the Cleaver (Hill Orc Monk)             Turns: 1273, Time: 00:05:32

Health: -1/57      AC:  6    Str: 16    XL:     7   Next: 39%
Magic:  7/7        EV: 11    Int: 10    God:    Trog [**....]
Gold:   100        SH:  5    Dex: 13    Spells: 6/6 levels left

rFire    . . .     SeeInvis .   e - +0 hand axe (venom)
rCold    . . .     Gourm    .   (no shield)
rNeg     . . .     Faith    .   f - +0 ring mail
rPois    .         Spirit   .   (no helmet)
rElec    .         Reflect  +   (no cloak)
rCorr    .         Harm     .   (no gloves)
MR       .....                  t - +0 pair of boots
Stlth    ++........             s - amulet of reflection
HPRegen  0.19/turn              r - ring of stealth
MPRegen  0.10/turn              (no ring)

@: no status effects
A: no striking features
a: Berserk, Trog's Hand, Renounce Religion


You were on level 6 of the Dungeon.
You worshipped Trog.
Trog was pleased with you.
You were not hungry.

You visited 1 branch of the dungeon, and saw 6 of its levels.

You collected 100 gold pieces.

Inventory:

Hand Weapons
 a - a +0 hand axe
 e - a +0 hand axe of venom (weapon)
 j - a +1 flail of protection
 n - a +2 whip of pain
Missiles
 k - 18 poisoned darts (quivered)
Armour
 b - a +0 robe
 f - a +0 ring mail (worn)
 t - a +0 pair of boots (worn)
 y - a +0 kite shield
Jewellery
 r - a ring of stealth (left hand)
 s - an amulet of reflection (around neck)
Wands
 v - a wand of acid (10)
Scrolls
 d - 3 scrolls of identify {unknown}
 g - a scroll of blinking {unknown}
 l - a scroll of random uselessness {unknown}
 u - a scroll of enchant weapon {unknown}
 x - 3 scrolls of remove curse {unknown}
Potions
 h - a potion of stabbing {unknown}
 i - 3 potions of degeneration {unknown}
 m - a potion of invisibility {unknown}
 o - a potion of flight {unknown}
 p - a potion of resistance {unknown}
 q - a potion of cancellation {unknown}
 w - a potion of berserk rage {unknown}
 z - a potion of mutation {unknown}
 A - a potion of curing {unknown}
Comestibles
 c - 5 rations


   Skills:
 - Level 3.6 Fighting
 + Level 10.7 Axes
 - Level 2.4 Dodging
 - Level 1.5 Stealth


You had 6 spell levels left.
You didn't know any spells.
Your spell library contained the following spells:

 Spells                   Type           Power        Failure   Level  Hunger
 Beastly Appendage        Tmut           #.....       58%         1    ##.....
 Sticks to Snakes         Tmut           #.......     73%         2    ###....
 Spider Form              Tmut/Pois      #.........   91%         3    ####...
 Ice Form                 Ice/Tmut       #.......     100%        4    #####..
 Blade Hands              Tmut           #.........   100%        5    ######.


Dungeon Overview and Level Annotations

Branches:
Dungeon (6/15)
 Temple: D:4-7

Altars:
Elyvilon
Trog
Uskayaw


Message History

As you close the door, it creaks loudly!
Found an orange potion.
Found a stone staircase leading down.
Found 18 sling bullets.
A - an orange potion
There is a stone staircase leading down here.
There is a stone staircase leading down here.
You climb downwards.
There is a stone staircase leading up here.
Found a hide-covered altar of Uskayaw.
An ogre comes into view. It is wielding a +0 giant spiked club.
The ogre shouts!
The ogre barely misses you.
You hit the ogre.
The ogre is poisoned.
The ogre is lightly wounded.
A giant cockroach comes into view.
You hit the ogre.
The ogre is moderately wounded.
The ogre hits you with a +0 giant spiked club!!
You die...

#......#.#######
#.............<#
#...........#..#
.........#####.#
.#..........#.#
#..###.....#.#
#.#. ##.....#.#
#....##......#.#
......O@_......#
s.##......##..##
#.....## ..#
#.....# .#
#...... #
#####... ..## ##


You could see an ogre (very poisoned) and a giant cockroach.

Vanquished Creatures
  A hippogriff (D:3)
  An ogre (D:5)
  A crimson imp (D:5)
  A centaur zombie (D:5)
  A jelly (D:4)
  A hound (D:4)
  3 orc wizards (D:4)
  An iguana (D:4)
  3 adders
  An ooze (D:3)
  A worm (D:3)
  3 dart slugs
  6 leopard geckos
  8 orcs
  6 bats
  2 giant cockroaches
  A goblin (D:2)
  4 hobgoblins
  2 jackals (D:2)
  9 kobolds
  A quokka (D:3)
  4 frilled lizards
  A jackal skeleton (D:5)
  5 rats
67 creatures vanquished.

Notes
Turn   | Place    | Note
-------+----------+-------------------------------------------
     0 | D:1      | itbelikedat the Hill Orc Monk began the quest for the Orb.
     0 | D:1      | Reached XP level 1. HP: 19/19 MP: 1/1
   110 | D:1      | Reached XP level 2. HP: 24/26 MP: 2/2
   200 | D:1      | Reached skill level 5 in Axes
   263 | D:3      | Found a faded altar of an unknown god.
   281 | D:2      | Reached XP level 3. HP: 20/31 MP: 3/3
   372 | D:2      | Reached skill level 6 in Axes
   551 | D:3      | Found a bloodstained altar of Trog.
   551 | D:3      | Noticed a hippogriff
   557 | D:3      | Became a worshipper of Trog the Wrathful
   557 | D:3      | Reached * piety under Trog
   557 | D:3      | Reached ** piety under Trog
   566 | D:3      | Reached XP level 4. HP: 14/39 MP: 4/4
   566 | D:3      | Killed a hippogriff
   566 | D:3      | Reached skill level 8 in Axes
   566 | D:3      | Reached XP level 5. HP: 17/45 MP: 5/5
   566 | D:3      | Reached XP level 6. HP: 20/51 MP: 6/6
   992 | D:4      | Reached skill level 9 in Axes
  1001 | D:4      | HP: 2/51 [iguana (8)]
  1086 | D:4      | Found a white marble altar of Elyvilon.
  1107 | D:4      | Reached skill level 10 in Axes
  1107 | D:4      | Reached XP level 7. HP: 32/57 MP: 7/7
  1150 | D:5      | Entered Level 5 of the Dungeon
  1265 | D:6      | Found a hide-covered altar of Uskayaw.
  1273 | D:6      | Slain by an ogre

Illustrated notes

Levels and vault maps discovered:
D:1:      wander_arrival_fairy_ring, layout_basic
D:2:      layout_loops_ring, first_ration
D:3:      layout_basic, nicolae_overflow_hidden_temple,
          overflow_temple_1_default, chequers_ecumenical_altar_simple
D:4:      layout_rooms, lemuel_crystal_altar, lemuel_doored_altar, minivault_19,
          elyvilon_altar_5
D:5:      layout_basic, slow_altar_1, minmay_temple_entry_grid,
          hangedman_abyss_or_decor_jellyfish_corner, uniq_ijyb
D:6:      lemuel_castle_with_subvaults [lemuel_castle_interior_carwin_1],
          layout_basic, lemuel_zombie_altar_kikubaaqudgha,
          nicolae_overflow_crystal_walls

Skill      XL: |  1  2  3  4  5  6 |
---------------+-------------------+-----
Axes           | 5 6 8 10 | 10.7
Fighting       | |  3.6
Dodging        | |  2.4
Stealth        | |  1.5

Action                   |  1- 3 |  4- 6 |  7- 9 || total
-------------------------+-------+-------+-------++-------
Melee: Hand axe          |    85 |    62 |    33 ||   180
Throw: Dart              |       |     1 |       ||     1
Invok: Trog's Hand       |     1 |     1 |       ||     2
       Berserk           |     1 |       |       ||     1
 Stab: Sleeping          |     2 |     1 |       ||     3
  Eat: Chunk             |       |     2 |     1 ||     3
Armor: Robe              |    12 |       |       ||    12
       Ring mail         |    21 |    26 |     4 ||    51
Dodge: Dodged            |    63 |    29 |     8 ||   100
Block: Other             |       |     6 |     3 ||     9
